MID
DAYTON DRAGONS @ ATLANTA (MID) BRAVES
08/11/2044
 
TOP OF THE 1ST
Dayton Dragons batting - Pitching for Atlanta (MID) Braves : RHP Tom Lessor
Pitching: RHP Tom Lessor
Batting: LHB Leo Gomez 0-0: Swinging Strike
0-1: Swinging Strike
0-2: Ball
1-2: Foul Ball, location: 2F
1-2: Strikes out swinging
Batting: LHB Chris Grunwald 0-0: Ball
1-0: Ball
2-0: SOLO HOME RUN (Line Drive, 7LD, EV 95.0 MPH), Distance : 359 ft
Batting: SHB Kristian Kristensen 0-0: Fly out, F9 (Flyball, 9D, EV 91.9 MPH)
Batting: LHB Matthew Berry 0-0: Ball
1-0: Called Strike
1-1: Swinging Strike
1-2: Strikes out swinging
Top of the 1st over - 1 run, 1 hit, 0 errors, 0 left on base; Dayton 1 - Atlanta (MID) 0
BOTTOM OF THE 1ST
Atlanta (MID) Braves batting - Pitching for Dayton Dragons : RHP Roberto Cortez
Pitching: RHP Roberto Cortez
Batting: SHB Brandon McClain 0-0: Ball
1-0: Ground out U3 (Groundball, 3S, EV 89.4 MPH)
Batting: RHB Andy Cunningham 0-0: Ball
1-0: Ball
2-0: Reached on error, E6 (Groundball, 6, EV 86.2 MPH)
Batting: RHB Corey Dalton 0-0: Ball
Andy Cunningham steals 3rd base
1-0: Ball
2-0: Called Strike
2-1: SINGLE (Line Drive, 6D, EV 96.9 MPH)
Andy Cunningham scores
Batting: SHB Richello Badua 0-0: Called Strike
0-1: Foul Ball, location: 2F
0-2: Strikes out swinging
Batting: LHB Tommy Williams 0-0: Ground out 4-3 (Groundball, 4D, EV 90.6 MPH)
Bottom of the 1st over - 1 run, 1 hit, 1 error, 1 left on base; Dayton 1 - Atlanta (MID) 1
TOP OF THE 2ND
Dayton Dragons batting - Pitching for Atlanta (MID) Braves : RHP Tom Lessor
Batting: LHB Matt Kennedy 0-0: Called Strike
0-1: Ball
1-1: Foul Ball, location: 2F
1-2: Ball
2-2: Ground out 6-3 (Groundball, 6, EV 86.9 MPH)
Batting: RHB Jonathan Davis 0-0: DOUBLE (Line Drive, 9LM, EV 107.5 MPH)
Batting: RHB Pat Grover 0-0: Ball
1-0: Ball
2-0: Ground out 5-3 (Groundball, 56, EV 87.5 MPH)
Batting: RHB Tim Walter 0-0: SINGLE (Groundball, 6M, EV 95.6 MPH)
Jonathan Davis to third
Runner from 3rd tries for Home, SAFE, throw by CF to home
Tim Walter to second
Batting: RHB Frank Moron 0-0: Called Strike
0-1: Ball
1-1: Swinging Strike
1-2: Ball
2-2: Strikes out swinging
Top of the 2nd over - 1 run, 2 hits, 0 errors, 1 left on base; Dayton 2 - Atlanta (MID) 1
BOTTOM OF THE 2ND
Atlanta (MID) Braves batting - Pitching for Dayton Dragons : RHP Roberto Cortez
Batting: RHB Mike Shook 0-0: Foul Ball, location: 2F
0-1: Ball
1-1: Swinging Strike
1-2: Ball
2-2: Strikes out swinging
Batting: RHB Johnny Burroughs 0-0: Ball
1-0: Called Strike
1-1: Ball
2-1: Swinging Strike
2-2: Strikes out looking
Batting: RHB Nick Platt 0-0: Ball
1-0: Ball
2-0: Swinging Strike
2-1: Foul Ball, location: 2F
2-2: Ball
3-2: Base on Balls
Batting: SHB Juan Aguilar 0-0: Called Strike
0-1: Foul Ball, location: 2F
0-2: Strikes out looking
Bottom of the 2nd over - 0 runs, 0 hits, 0 errors, 1 left on base; Dayton 2 - Atlanta (MID) 1
TOP OF THE 3RD
Dayton Dragons batting - Pitching for Atlanta (MID) Braves : RHP Tom Lessor
Batting: LHB Leo Gomez 0-0: Ground out 3-1 (Groundball, 34, EV 81.9 MPH)
Batting: LHB Chris Grunwald 0-0: Ball
1-0: Foul Ball, location: 2F
1-1: Swinging Strike
1-2: Strikes out swinging
Batting: SHB Kristian Kristensen 0-0: Ball
1-0: Ball
2-0: Called Strike
2-1: Ball
3-1: Base on Balls
Batting: LHB Matthew Berry 0-0: DOUBLE (Line Drive, 7LM, EV 107.5 MPH)
Kristian Kristensen to third
Runner from 3rd tries for Home, throw by LF and OUT! 7-6-2
Top of the 3rd over - 0 runs, 1 hit, 0 errors, 1 left on base; Dayton 2 - Atlanta (MID) 1
BOTTOM OF THE 3RD
Atlanta (MID) Braves batting - Pitching for Dayton Dragons : RHP Roberto Cortez
Batting: SHB Brandon McClain 0-0: Called Strike
0-1: Fly out, F5 (Line Drive, 5, EV 73.1 MPH)
Batting: RHB Andy Cunningham 0-0: Ball
1-0: Ball
2-0: Foul Ball, location: 2F
2-1: Ball
3-1: Ground out 6-3 (Groundball, 6, EV 83.8 MPH)
Batting: RHB Corey Dalton 0-0: Ball
1-0: Swinging Strike
1-1: Ball
2-1: Foul Ball, location: 2F
2-2: Ground out 6-3 (Groundball, 6, EV 83.8 MPH)
Bottom of the 3rd over - 0 runs, 0 hits, 0 errors, 0 left on base; Dayton 2 - Atlanta (MID) 1
TOP OF THE 4TH
Dayton Dragons batting - Pitching for Atlanta (MID) Braves : RHP Tom Lessor
Batting: LHB Matt Kennedy 0-0: Foul Ball, location: 2F
0-1: Ball
1-1: Ball
2-1: Foul Ball, location: 2F
2-2: Ball
3-2: Ground out U3 (Groundball, 3, EV 80.0 MPH)
Batting: RHB Jonathan Davis 0-0: Ground out 1-3 (Groundball, 13S, EV 68.1 MPH)
Batting: RHB Pat Grover 0-0: Ball
1-0: Called Strike
1-1: Ground out 6-3 (Groundball, 6, EV 89.4 MPH)
Top of the 4th over - 0 runs, 0 hits, 0 errors, 0 left on base; Dayton 2 - Atlanta (MID) 1
BOTTOM OF THE 4TH
Atlanta (MID) Braves batting - Pitching for Dayton Dragons : RHP Roberto Cortez
Batting: SHB Richello Badua 0-0: Swinging Strike
0-1: Ball
1-1: Ball
2-1: Swinging Strike
2-2: Foul Ball, location: 2F
2-2: Strikes out looking
Batting: LHB Tommy Williams 0-0: Foul Ball, location: 2F
0-1: Foul Ball, location: 2F
0-2: SINGLE (Groundball, 3S, EV 68.1 MPH) (infield hit)
Batting: RHB Mike Shook 0-0: Ball
1-0: Called Strike
1-1: Ball
2-1: Ball
Tommy Williams steals 2nd base
3-1: Base on Balls
Batting: RHB Johnny Burroughs 0-0: Called Strike
0-1: Ball
1-1: Swinging Strike
1-2: Ball
2-2: Foul Ball, location: 2F
2-2: Strikes out looking
Batting: RHB Nick Platt 0-0: Ball
1-0: Ground out 4-3 (Groundball, 4, EV 87.5 MPH)
Bottom of the 4th over - 0 runs, 1 hit, 0 errors, 2 left on base; Dayton 2 - Atlanta (MID) 1
TOP OF THE 5TH
Dayton Dragons batting - Pitching for Atlanta (MID) Braves : RHP Tom Lessor
Batting: RHB Tim Walter 0-0: Called Strike
0-1: Ball
1-1: Ball
2-1: SINGLE (Line Drive, 7S, EV 93.8 MPH)
Batting: RHB Frank Moron 0-0: Ball
1-0: Fly out, F7 (Flyball, 7S, EV 79.4 MPH)
Batting: LHB Leo Gomez Pickoff Throw to First - Out! 1-3
0-0: Called Strike
0-1: SINGLE (Groundball, 34D, EV 105.6 MPH)
Batting: LHB Chris Grunwald 0-0: Ball
Leo Gomez steals 2nd base
1-0: Called Strike
1-1: SINGLE (Groundball, 4, EV 105.0 MPH)
Leo Gomez to third
Runner from 3rd tries for Home, SAFE, throw by RF to home
Batting: SHB Kristian Kristensen 0-0: Ball
Chris Grunwald steals 2nd, throwing error, E2
Chris Grunwald to third
1-0: Ball
2-0: Ground out U3 (Groundball, 3, EV 78.1 MPH)
Top of the 5th over - 1 run, 3 hits, 1 error, 1 left on base; Dayton 3 - Atlanta (MID) 1
BOTTOM OF THE 5TH
Atlanta (MID) Braves batting - Pitching for Dayton Dragons : RHP Roberto Cortez
Batting: SHB Juan Aguilar 0-0: Called Strike
0-1: Ball
1-1: Foul Ball, location: 2F
1-2: Ball
2-2: Ball
3-2: DOUBLE (Line Drive, 78D, EV 106.9 MPH)
Batting: SHB Brandon McClain 0-0: Ball
1-0: Ball
2-0: Ball
3-0: Base on Balls
Batting: RHB Andy Cunningham 0-0: Ball
1-0: Foul Ball, location: 2F
1-1: Foul Ball, location: 2F
1-2: Foul Ball, location: 2F
1-2: Foul Ball, location: 2F
1-2: Fielders Choice at 2nd, 6-4 (Groundball, 6, EV 91.9 MPH)
Juan Aguilar to third
Batting: RHB Corey Dalton 0-0: Called Strike
Andy Cunningham steals 2nd base (no throw)
0-1: 3-RUN HOME RUN (Flyball, 78XD, EV 101.9 MPH), Distance : 403 ft
Batting: SHB Richello Badua 0-0: Foul Ball, location: 2F
0-1: Foul Ball, location: 2F
0-2: Ball
1-2: Strikes out swinging
Batting: LHB Tommy Williams 0-0: Ball
1-0: Fly out, F9 (Flyball, 9S, EV 93.8 MPH)
Bottom of the 5th over - 3 runs, 2 hits, 0 errors, 0 left on base; Dayton 3 - Atlanta (MID) 4
TOP OF THE 6TH
Dayton Dragons batting - Pitching for Atlanta (MID) Braves : RHP Tom Lessor
Batting: LHB Matthew Berry 0-0: Ball
1-0: Ball
2-0: Called Strike
2-1: Ground out 2-3 (Groundball, 2L, EV 73.1 MPH)
Batting: LHB Matt Kennedy 0-0: DOUBLE (Line Drive, 8LD, EV 103.8 MPH)
Batting: RHB Jonathan Davis 0-0: Foul Ball, location: 2F
0-1: Foul Ball, location: 2F
0-2: Ball
1-2: Strikes out looking
Batting: RHB Pat Grover 0-0: Ball
1-0: Ball
2-0: Ball
3-0: Called Strike
3-1: Ground out 5-3 (Groundball, 56, EV 98.1 MPH)
Top of the 6th over - 0 runs, 1 hit, 0 errors, 1 left on base; Dayton 3 - Atlanta (MID) 4
BOTTOM OF THE 6TH
Atlanta (MID) Braves batting - Pitching for Dayton Dragons : RHP Roberto Cortez
Pitching: RHP Joe Green
Batting: RHB Mike Shook 0-0: Ball
1-0: Ball
2-0: Ball
3-0: Called Strike
3-1: Called Strike
3-2: Base on Balls
Batting: RHB Johnny Burroughs 0-0: Foul Ball, location: 2F
0-1: SINGLE (Groundball, 15S, EV 73.1 MPH) (infield hit)
Mike Shook to second
Batting: RHB Nick Platt 0-0: Ball
1-0: Called Strike
1-1: Called Strike
1-2: Ball
2-2: Fly out, F8 (Line Drive, 8RD, EV 102.5 MPH)
Batting: SHB Juan Aguilar 0-0: Foul Ball, location: 2F
0-1: Ball
1-1: Ball
2-1: Reached on error, E4 (Groundball, 4, EV 105.6 MPH)
Mike Shook to third
Johnny Burroughs to second
Batting: SHB Brandon McClain 0-0: SINGLE (Groundball, 25, EV 70.6 MPH) (infield hit)
Mike Shook scores
Johnny Burroughs to third
Juan Aguilar to second
Batting: RHB Andy Cunningham 0-0: Ball
1-0: Ball
2-0: Hit by Pitch
Johnny Burroughs scores
Juan Aguilar to third
Brandon McClain to second
Batting: RHB Corey Dalton 0-0: Ball
1-0: Foul Ball, location: 2F
1-1: Ball
2-1: Ball
3-1: Base on Balls
Juan Aguilar scores
Brandon McClain to third
Andy Cunningham to second
Pitching: RHP Adam McCurdy
Batting: SHB Richello Badua 0-0: Ball
1-0: Fly out, F9 (Line Drive, 9D, EV 96.9 MPH)
Runner from 3rd tags up, OUT at HOME! 9-2
Bottom of the 6th over - 3 runs, 2 hits, 1 error, 2 left on base; Dayton 3 - Atlanta (MID) 7
TOP OF THE 7TH
Dayton Dragons batting - Pitching for Atlanta (MID) Braves : RHP Tom Lessor
Batting: RHB Tim Walter 0-0: Foul Ball, location: 2F
0-1: Called Strike
0-2: Ball
1-2: Foul Ball, location: 2F
1-2: Ball
2-2: Strikes out swinging
Batting: RHB Frank Moron 0-0: Ground out 6-3 (Groundball, 6, EV 103.1 MPH)
Batting: LHB Leo Gomez 0-0: Ball
1-0: Called Strike
1-1: Ball
2-1: Foul Ball, location: 2F
2-2: Hit by Pitch
Batting: LHB Chris Grunwald 0-0: Ball
1-0: Called Strike
1-1: Ball
Wild Pitch!
Leo Gomez to second
2-1: Swinging Strike
2-2: Strikes out looking
Top of the 7th over - 0 runs, 0 hits, 0 errors, 1 left on base; Dayton 3 - Atlanta (MID) 7
BOTTOM OF THE 7TH
Atlanta (MID) Braves batting - Pitching for Dayton Dragons : RHP Adam McCurdy
Batting: LHB Tommy Williams 0-0: Ball
1-0: Ball
2-0: Called Strike
2-1: Foul Ball, location: 2F
2-2: Strikes out swinging
Batting: RHB Mike Shook 0-0: Ball
1-0: Fly out, F7 (Flyball, 78M, EV 87.5 MPH)
Batting: RHB Johnny Burroughs 0-0: Foul Ball, location: 2F
0-1: Called Strike
0-2: Ball
1-2: Strikes out swinging
Bottom of the 7th over - 0 runs, 0 hits, 0 errors, 0 left on base; Dayton 3 - Atlanta (MID) 7
TOP OF THE 8TH
Dayton Dragons batting - Pitching for Atlanta (MID) Braves : RHP Tom Lessor
Batting: SHB Kristian Kristensen 0-0: Ball
1-0: Ball
2-0: Ball
3-0: Called Strike
3-1: Fly out, F8 (Flyball, 89XD, EV 102.5 MPH)
Batting: LHB Matthew Berry 0-0: Ball
1-0: Swinging Strike
1-1: Swinging Strike
1-2: Ball
2-2: Foul Ball, location: 2F
2-2: Ground out 4-3 (Groundball, 4D, EV 103.1 MPH)
Batting: LHB Matt Kennedy 0-0: Ball
1-0: Ball
2-0: Ball
3-0: Called Strike
3-1: Base on Balls
Pitching: RHP Todd Cox
Batting: RHB Jonathan Davis 0-0: Called Strike
0-1: Ball
1-1: Ground out 5-3 (Groundball, 56, EV 98.1 MPH)
Top of the 8th over - 0 runs, 0 hits, 0 errors, 1 left on base; Dayton 3 - Atlanta (MID) 7
BOTTOM OF THE 8TH
Atlanta (MID) Braves batting - Pitching for Dayton Dragons : RHP Adam McCurdy
Batting: RHB Nick Platt 0-0: Ball
1-0: Ball
2-0: Swinging Strike
2-1: Ball
3-1: Base on Balls
Batting: SHB Juan Aguilar 0-0: Ball
1-0: Ball
2-0: Ball
3-0: Base on Balls
Nick Platt to second
Batting: SHB Brandon McClain 0-0: Bunted foul
0-1: Bunt missed!
0-2: Fly out, F9 (Flyball, 9D, EV 105.0 MPH)
Runner from 2nd tags up, SAFE at 3rd, no throw by RF
Batting: RHB Andy Cunningham 0-0: Ball
1-0: Fly out, F6 (Flyball, 6D, EV 95.0 MPH)
Batting: RHB Corey Dalton 0-0: Ball
1-0: Called Strike
1-1: Called Strike
1-2: Foul Ball, location: 2F
1-2: Foul Ball, location: 2F
1-2: Foul Ball, location: 2F
1-2: Foul Ball, location: 2F
1-2: Fly out, F8 (Flyball, 8RM, EV 83.1 MPH)
Bottom of the 8th over - 0 runs, 0 hits, 0 errors, 2 left on base; Dayton 3 - Atlanta (MID) 7
TOP OF THE 9TH
Dayton Dragons batting - Pitching for Atlanta (MID) Braves : RHP Todd Cox
Batting: RHB Pat Grover 0-0: Foul Ball, location: 2F
0-1: Swinging Strike
0-2: Foul Ball, location: 2F
0-2: Ball
1-2: Strikes out swinging
Batting: RHB Tim Walter 0-0: Ball
1-0: Ball
2-0: Ball
3-0: Base on Balls
Batting: RHB Frank Moron 0-0: Called Strike
0-1: Swinging Strike
0-2: Strikes out swinging
Batting: LHB Leo Gomez 0-0: Ball
1-0: Called Strike
1-1: 2-RUN HOME RUN (Flyball, 89XD, EV 105.0 MPH), Distance : 422 ft
Pitching: RHP Josh Thomas
Batting: LHB Chris Grunwald 0-0: Called Strike
0-1: Ball
1-1: Foul Ball, location: 2F
1-2: Foul Ball, location: 2F
1-2: Ball
2-2: Ball
3-2: Strikes out swinging
Top of the 9th over - 2 runs, 1 hit, 0 errors, 0 left on base; Dayton 5 - Atlanta (MID) 7
Thursday, March 31st , 2022 - OOTP Baseball 22.12 Build 89